 Dungeon Crawl Stone Soup version 0.29-a0-925-g0a7a3d12f8 (webtiles) character file.

Game seed: 6439594977960677581

204 IdlyInterested the Vexing (level 5, -1/57 HPs)
             Began as a Demonspawn Wanderer on July 28, 2022.
             Succumbed to a water moccasin's poison
             ... in a sewer.
             The game lasted 00:16:33 (4025 turns).

IdlyInterested the Vexing (Demonspawn Wanderer)     Turns: 4025, Time: 00:16:33

Health: -1/57      AC: 12    Str: 14    XL:     5   Next: 52%
Magic:  8/8        EV: 12    Int: 15    God:
Gold:   135        SH:  0    Dex: 17    Spells: 5/8 levels left

rFire   . . .      SeeInvis .   u - +4 long sword
rCold   . . .      Faith    .   (no shield)
rNeg    . . .      Spirit   .   b - +1 robe
rPois   .          Reflect  .   (no helmet)
rElec   .          Harm     .   (no cloak)
rCorr   .          Rampage  .   (no gloves)
Will    .....                   (no boots)
Stlth   ..........              t - amulet of magic regeneration
HPRegen 0.19/turn               d - +6 ring of dexterity
MPRegen 0.62/turn               q - ring of wizardry

@: berserking, lethally poisoned (-1 -> -12), sanguine armoured, very quick
A: magic regeneration, sanguine armour 2, demonic touch 1
a: no special abilities


You were in a sewer.
You visited 1 branch of the dungeon, and saw 4 of its levels.
You also visited: Sewer.

You collected 135 gold pieces.

Inventory:

Hand Weapons
 a - a +0 club
 j - a +2 short sword of draining
 m - a +2 spear of venom
 u - a +4 long sword (weapon)
Missiles
 f - 15 poisoned darts
Armour
 b - a +1 robe (worn)
 e - a +0 scale mail
 v - a +0 ring mail
Jewellery
 d - a +6 ring of dexterity (left hand)
 n - an amulet of faith
 o - a +4 ring of evasion
 q - a ring of wizardry (right hand)
 t - an amulet of magic regeneration (around neck)
Wands
 p - a wand of polymorph (8)
Scrolls
 c - 4 scrolls of teleportation
 h - 2 scrolls of blinking
Potions
 g - a potion of invisibility
 i - a potion of lignification
 k - a potion of brilliance
 r - 2 potions of attraction


   Skills:
 - Level 2.0 Fighting
 - Level 1.0 Throwing
 - Level 1.0 Armour
 * Level 2.0 Dodging
 - Level 1.0 Stealth
 * Level 2.2 Unarmed Combat
 + Level 2.3 Spellcasting
 + Level 3.1 Hexes
 - Level 3.0 Summonings
 - Level 1.0 Evocations


You had 5 spell levels left.
You knew the following spells:

 Your Spells              Type           Power      Damage    Failure   Level
a - Summon Guardian Gole  Hex/Summ       11%        N/A       8%          3

Your spell library contained the following spells:

 Spells                   Type           Power      Damage    Failure   Level
 Slow                     Hex            44%        N/A       2%          1
 Summon Small Mammal      Summ           40%        N/A       2%          1
 Inner Flame              Hex/Fire       6%         N/A       13%         3
 Leda's Liquefaction      Hex/Erth       3%         N/A       38%         4


Dungeon Overview and Level Annotations

Branches:
Dungeon (4/15)              Sewer (1/1)
 Temple: D:4-7

Altars:
Ashenzari


Innate Abilities, Weirdness & Mutations

You regenerate magic rapidly.
When seriously injured, your blood forms thick armour. (AC +9)
Your touch may inflict minor irresistible damage on your foes.


Message History

The water moccasin poisons you! The water moccasin closely misses you.
You closely miss the water moccasin.
The water moccasin is heavily wounded.
Your blood congeals into armour.
You feel extremely sick.
The water moccasin bites you but does no damage.
The water moccasin barely misses you.
You barely miss the water moccasin.
The water moccasin is heavily wounded.
You feel very sick.
The water moccasin bites you but does no damage.
The water moccasin closely misses you.
You closely miss the water moccasin. Your punch misses the water moccasin.
The water moccasin is heavily wounded.
* * * LOW HITPOINT WARNING * * *
You feel very sick. The water moccasin barely misses you.
The water moccasin bites you.
* * * LOW HITPOINT WARNING * * *
You feel better. The water moccasin closely misses you.
A red film seems to cover your vision as you go berserk!
You feel yourself moving faster!
You feel mighty! The water moccasin misses you.
You closely miss the water moccasin.
The water moccasin is heavily wounded.
The water moccasin bites you!
* * * LOW HITPOINT WARNING * * *
The water moccasin bites you but does no damage.
You closely miss the water moccasin. Your touch misses the water moccasin.
The water moccasin is heavily wounded.
The water moccasin bites you but does no damage.
You slash the water moccasin!
The water moccasin is almost dead.
The water moccasin bites you!
* * * LOW HITPOINT WARNING * * *
You are lethally poisoned!
The water moccasin poisons you! The water moccasin bites you.
* * * LOW HITPOINT WARNING * * *
You slash the water moccasin!
You kill the water moccasin!
You die...

### .... .....
$.....#############
$......@......†..∩#
$....9####.########
..... #.# .... #.#
### #.# #.# #.#
##.## ##...##


You could see a friendly guardian golem (summoned).

Vanquished Creatures
  A water moccasin (Sewer)
  2 hounds
  An orc wizard (D:3)
  4 adders
  2 worms (D:2)
  3 dart slugs
  2 orcs (D:3)
  6 ball pythons
  8 endoplasms
  3 giant cockroaches
  7 goblins
  3 hobgoblins
  4 quokkas
  12 bats
  A frilled lizard (D:1)
  9 kobolds
  7 rats
75 creatures vanquished.

Notes
Turn   | Place    | Note
-------+----------+-------------------------------------------
     0 | D:1      | IdlyInterested the Demonspawn Wanderer began the quest for
                  | the Orb.
     0 | D:1      | IdlyInterested set off with the following items: a +0 club,
                  | a +0 robe, 2 scrolls of teleportation; and the following
                  | spells available to memorise: Slow, Summon Small Mammal,
                  | Summon Guardian Golem, Inner Flame, Leda's Liquefaction.
     0 | D:1      | Reached XP level 1. HP: 16/16 MP: 2/2
   186 | D:1      | Reached skill level 1 in Stealth
   278 | D:1      | Gained mutation: When seriously injured, your blood forms
                  | armour. (AC +9) [demonic ancestry]
   278 | D:1      | Reached XP level 2. HP: 14/22 MP: 4/4
   608 | D:1      | Reached skill level 1 in Throwing
  1162 | D:1      | Reached skill level 1 in Evocations
  1389 | D:1      | Gained mutation: Your touch may inflict minor irresistible
                  | damage on your foes. [demonic ancestry]
  1389 | D:1      | Reached XP level 3. HP: 27/27 MP: 5/5
  1590 | D:1      | Learned a level 3 spell: Summon Guardian Golem
  2589 | D:2      | Gained mutation: When seriously injured, your blood forms
                  | thick armour. (AC +9) [demonic ancestry]
  2589 | D:2      | Reached XP level 4. HP: 33/33 MP: 7/7
  2720 | D:3      | Reached skill level 1 in Unarmed Combat
  3028 | D:3      | Gained mutation: You regenerate magic rapidly. [demonic
                  | ancestry]
  3028 | D:3      | Reached XP level 5. HP: 38/38 MP: 5/8
  3216 | D:3      | Found a broken altar of Ashenzari.
  3903 | D:4      | Found a glowing drain.
  3907 | Sewer    | Entered a sewer
  4009 | Sewer    | Noticed a water moccasin
  4024 | Sewer    | HP: 2/57 [water moccasin (2)]
  4025 | Sewer    | Killed a water moccasin
  4025 | Sewer    | Succumbed to a water moccasin's poison

Illustrated notes

Levels and vault maps discovered:
D:1:      erik_arrival_blinker_ship, layout_rooms, st_stairs_13,
          minmay_misc_feat_more_columns, nicolae_figureground_sparkle
D:2:      layout_basic, minmay_split_cup_large
D:3:      layout_basic, nicolae_overflow_crystal_walls, serial_glass,
          glass_columns_c, glass_columns_c, glass_columns_a, glass_columns_b,
          glass_columns_b, glass_columns_c, due_unseen_surprise,
          kennysheep_generic_room_6
D:4:      layout_loops_ring, fedhas_altar_4, temple_green, gup_sewer_entry_bowl,
          uniq_eustachio
Sewer:    sewer_big_baddie

Skill      XL: |  1  2  3  4  5 |
---------------+----------------+-----
Stealth        | 1 |  1.0
Throwing       | 1 |  1.0
Evocations     | 1 |  1.0
Spellcasting   | 2 |  2.3
Unarmed Combat | 1 2 |  2.2
Summonings     | 3 |  3.0
Dodging        | 2 |  2.0
Fighting       | |  2.0
Armour         | |  1.0
Hexes          | |  3.1

Action                   |  1- 3 |  4- 6 || total
-------------------------+-------+-------++-------
Melee: Club              |    95 |       ||    95
       Spear             |    24 |    43 ||    67
       Short sword       |    15 |       ||    15
       Touch             |     6 |    10 ||    16
       Long sword        |       |    40 ||    40
       Punch             |       |     1 ||     1
 Cast: Summon Guardian G |     3 |     5 ||     8
  Use: Scroll            |     2 |     5 ||     7
       Potion            |     1 |     4 ||     5
 Stab: Sleeping          |     9 |     5 ||    14
Armor: Robe              |    32 |    36 ||    68
Dodge: Dodged            |    96 |    49 ||   145

Table legend: (Time is in decaauts)
 A = Elapsed time spent in this place.
 B = Non-inter-level travel time spent in this place.
 C = Inter-level travel time spent in this place.
 D = Time resting spent in this place.
 E = Time spent auto-exploring this place.
 F = Levels seen in this place.
 G = Mean time per level.
                   A        B        C        D        E       F      G
               +--------+--------+--------+--------+--------+-----+--------+
         Total |   4077 |   3833 |    244 |   1340 |   1544 |   5 |  815.4 |
       Dungeon |   3955 |   3711 |    244 |   1340 |   1461 |   4 |  988.8 |
         Sewer |    121 |    121 |      0 |      0 |     83 |   1 |  121.0 |
               +--------+--------+--------+--------+--------+-----+--------+

Top non-repeatable levels by time:
     D:1: 1597 daAuts
     D:2: 1191 daAuts
     D:3: 1031 daAuts
     D:4: 135 daAuts
   Sewer: 121 daAuts
